Description

Slightly safer standard opener

VOD

https://www.youtube.com/watch?v=2aDsQs5Rn98

Replay - SortOf New Standard ZvP

Build Order

Get SALT Encoding   

  6  0:00  Drone  
  13  0:07  Drone  
  14  0:14  Extractor, Drone  Extractor trick, Rally to natural
  15  0:21  Overlord  
  15  0:41  Hatchery  
  14  0:45  Drone x2  
  16  0:52  Drone  
  17  1:06  Spawning Pool  
  17  1:10  Drone  
  17  1:12  Extractor  
  17  1:15  Drone x2  
  18  1:28  Drone  
  20  1:53  Queen x2  Inject at natural, bring main queen down for tumor. 2nd tumor connects main & natural.
  26  2:00  Overlord  
  26  2:03  Zergling x2  
  27  2:11  Zergling x2  
  27  2:13  Metabolic Boost  Pull all drones out of gas. Refill with 1st inject
  29  2:29  Queen  In main
  33  2:33  Overlord  
  33  2:47  Hatchery  
  40  3:06  Overlord  
  40  3:13  Queen  
  40  3:19  Queen  
  42  3:23  Overlord  
  45  3:30  Zergling x2  
  52  3:41  Spore Crawler  We can delay spores to 3:50 by keeping 2 queens each in main & natural
  53  3:49  Spore Crawler  Escort drones with queens from natural -> 3rd when spore finishes, then build spore at 3rd and between natural & 3rd
  64  4:18  Spore Crawler  
  65  4:29  Lair  
  65  4:31  Roach Warren  
  71  4:43  Hatchery  
  70  4:45  Extractor x3  
  72  4:57  Zergling x6  
  77  5:00  Evolution Chamber  
  82  5:09  Extractor  
  81  5:18  Extractor  
  87  5:25  Zerg Missile Weapons Level 1  
  87  5:30  Infestation Pit  
  87  5:32  Hydralisk Den  
  91  5:41  Overseer  
  95  5:49  Hatchery  
  102  6:02  Extractor x2  
  101  6:04  Muscular Augments  
  101  6:07  Hydralisk x2  
  110  6:15  Hive  
  110  6:16  Lurker Den  
  109  6:19  Hydralisk x2  
  113  6:31  Hydralisk x6  
  141  6:56  Zergling x8  
  177  7:33  Spine Crawler x2  
  175  7:39  Spine Crawler  
  188  7:49  Lurker  
Spawning Tool Build Advisor. Get it on Overwolf

Analysis

The 15th drone rallies to the natural, and since it will get there early, it can take the 3rd at 16 supply if it's blocked.

Go to:

Details

  • Created by: flashandfoul
  • Published on: Apr 05, 2026
  • Modified on: Apr 09, 2026
  • Patch: 5.0.11
  • Difficulty: Medium
Show
View Real Time Build Order
Export as new Build Order

Comments (0)

There are no comments. Be the first!

Create an account to comment!